 Dungeon Crawl Stone Soup version 0.28-a0-991-g956f0ee3d5 (webtiles) character file.

Game seed: 15523948498660746566

4045 Gargoyl the Fighter (level 10, -1/82 HPs)
             Began as a Gnoll Abyssal Knight on Dec 5, 2021.
             Was an Elder of Lugonu.
             Killed by divine providence
             ... invoked by an orc priest
              (17 damage)
             ... on level 8 of the Dungeon.
             The game lasted 00:09:57 (9870 turns).

Gargoyl the Fighter (Gnoll Abyssal Knight)          Turns: 9870, Time: 00:09:58

Health: -1/82      AC: 19    Str: 16    XL:     10   Next: 24%
Magic:  16/17      EV:  9    Int: 10    God:    Lugonu [****..]
Gold:   344        SH: 11    Dex: 13    Spells: 19/19 levels left

rFire   . . .      SeeInvis .   D - +1 hand axe (elec)
rCold   . . .      Faith    .   r - +2 kite shield
rNeg    . . .      Spirit   .   y - +0 plate armour
rPois   +          Reflect  .   (no helmet)
rElec   .          Harm     .   (no cloak)
rCorr   .          Rampage  .   h - +0 pair of gloves
Will    .....      Clarity  +   n - +2 pair of boots
Stlth   ..........              (no amulet)
HPRegen 0.23/turn               A - ring of poison resistance
MPRegen 0.15/turn               g - +4 ring of evasion

@: no status effects
A: fangs 1, strong nose, distributed training, iridescent scales 1, clarity
a: Renounce Religion, Depart the Abyss, Bend Space, Banish, Corrupt


You were on level 8 of the Dungeon.
You worshipped Lugonu.
Lugonu was greatly pleased with you.
You visited 1 branch of the dungeon, and saw 8 of its levels.
You visited the Abyss 1 time.

You collected 434 gold pieces.
You spent 90 gold pieces at shops.

Inventory:

Hand Weapons
 a - a +1 hand axe of freezing
 z - a +0 broad axe
 D - a +1 hand axe of electrocution (weapon)
Missiles
 b - 29 poisoned darts
 j - 2 curare-tipped darts (quivered)
 v - a throwing net
Armour
 h - a +0 pair of gloves (worn)
 n - a +2 pair of boots (worn)
 r - a +2 kite shield (worn)
 y - a +0 plate armour (worn)
Jewellery
 c - a ring of see invisible
 g - a +4 ring of evasion (right hand)
 k - a ring of positive energy
 A - a ring of poison resistance (left hand)
Wands
 p - a wand of iceblast (8)
 u - a wand of paralysis (8)
 C - a wand of acid (6)
Scrolls
 d - 5 scrolls of teleportation
 f - a scroll of fog
 x - a scroll of magic mapping
 B - 2 scrolls of identify
Potions
 e - a potion of invisibility
 i - a potion of cancellation
 l - 2 potions of might {unknown}
 m - 2 potions of haste {unknown}
 o - 4 potions of heal wounds {unknown}
 q - 3 potions of curing
 s - a potion of ambrosia {unknown}
 t - 2 potions of mutation
 w - a potion of lignification {unknown}


   Skills:
 + Level 8.4 Fighting
 + Level 5.1 Short Blades
 + Level 5.1 Long Blades
 + Level 6.9 Axes
 + Level 5.1 Maces & Flails
 + Level 5.1 Polearms
 + Level 5.1 Staves
 + Level 5.1 Slings
 + Level 5.1 Bows
 + Level 5.1 Crossbows
 + Level 5.1 Throwing
 + Level 6.9 Armour
 + Level 5.8 Dodging
 + Level 5.1 Stealth
 + Level 5.1 Shields
 + Level 5.1 Unarmed Combat
 + Level 5.1 Spellcasting
 + Level 4.2 Conjurations
 + Level 4.2 Hexes
 + Level 4.2 Summonings
 + Level 4.2 Necromancy
 + Level 4.2 Translocations
 + Level 4.2 Transmutations
 + Level 4.2 Fire Magic
 + Level 4.2 Ice Magic
 + Level 4.2 Air Magic
 + Level 4.2 Earth Magic
 + Level 4.2 Poison Magic
 + Level 7.3 Invocations
 + Level 5.1 Evocations


You had 19 spell levels left.
You didn't know any spells.
Your spell library contained the following spells:

 Spells                   Type           Power      Damage    Failure   Level
 Animate Skeleton         Necr           22%        N/A       99%         1
 Pain                     Necr           44%        1d6       99%         1
 Sandblast                Erth           22%        2d7       99%         1
 Passwall                 Tmut/Erth      9%         N/A       100%        2
 Stone Arrow              Conj/Erth      22%        3d8       100%        3
 Vampiric Draining        Necr           11%        2d6       100%        3
 Airstrike                Air            5%         N/A       100%        4
 Animate Armour           Summ/Erth      22%        N/A       100%        4
 Summon Lightning Spire   Summ/Air       11%        N/A       100%        4
 Blade Hands              Tmut           5%         N/A       100%        5
 Lightning Bolt           Conj/Air       5%         1d17      100%        5
 Iron Shot                Conj/Erth      5%         9d2       100%        6
 Borgnjor's Revivificati  Necr           5%         N/A       100%        8
 Necromutation            Tmut/Necr      5%         N/A       100%        8
 Death's Door             Necr           5%         N/A       100%        9


Dungeon Overview and Level Annotations

Branches:
Dungeon (8/15)             Temple (0/1) D:4
   Lair: D:8-11

Altars:
Gozag
Kikubaaqudgha
Nemelex Xobeh
Uskayaw
Vehumet
Yredelemnul
Zin


Innate Abilities, Weirdness & Mutations

You have very sharp teeth.
Your uncanny sense of smell can sniff out nearby items.
Your experience applies equally to all skills.
You are partially covered in iridescent scales. (AC +2)
You possess an exceptional clarity of mind.


Message History

The orc is severely wounded.
You block the orc's attack. The orc hits you but does no damage.
Unknown command.
You hit the orc.
You kill the orc!
Lugonu accepts your kill. You block the orc's attack.
An orc priest comes into view. It is wielding a +0 hand axe.
The orc priest shouts!
You hear a shout! x2
An orc warrior comes into view.
It is wielding a +0 halberd and quivering silver boomerangs.
Items here: ( ))))) [ †††.
Unknown command.
You barely miss the orc. You block the orc's attack.
An orc comes into view. It is wielding a +0 flail.
You slash the orc! Lightning courses through the orc!
You kill the orc!
Lugonu accepts your kill.
You barely miss the orc priest. You block the orc warrior's attack.
You block the orc priest's attack. You block the orc warrior's attack.
The orc priest hits you with a +0 hand axe.
Unknown command.
The orc warrior barely misses you.
The orc priest hits you but does no damage.
Items here: )))) [[ ††††.
You hit the orc priest.
The orc priest is moderately wounded.
An orc comes into view. It is wielding a +0 short sword.
The orc warrior hits you from afar with a +0 halberd.
Unknown command.
You block the orc priest's attack.
The orc warrior hits you with a +0 halberd!
* * * LOW HITPOINT WARNING * * *
Unknown command.
Space bends around you!
You blink.
The orc priest hits you with a +0 hand axe.
* * * LOW HITPOINT WARNING * * *
Items here: $ ( )) [[.
The orc priest calls down the wrath of Beogh upon you.
Beogh smites you!
You die...

#...###.).........
#...#......###....
##.##......#######
#..............#
#..............#
#....#.........#
#..............#
#.$..##........#
##..@.##........#
#..)..##.........#
#..oo)##.........#
#..)))##########..
#..#.#o# ##.
#.##.#o# #. #.#..
#. .[#.## .####


You could see an orc warrior, an orc priest and 2 orcs.

Vanquished Creatures
  A two-headed ogre (D:8)
  A wraith (D:5)
  A water moccasin (D:7)
  Duvessa (D:4)
  A sky beast (D:4)
  A black bear (D:7)
  2 orc warriors
  3 ogres
  2 centaurs
  A necrophage (D:5)
  Blork the orc (D:5)
  3 scorpions
  2 wyvern skeletons
  Dowan (D:4)
  5 wights (D:5)
  A howler monkey (D:6)
  4 hounds
  A bullfrog skeleton (D:5)
  A centaur zombie (D:8)
  4 orc priests
  3 iguanas
  Ijyb (D:3)
  3 orc wizards
  A killer bee zombie (D:7)
  4 gnolls (D:7)
  7 adders
  A shadow imp (D:6)
  2 white imps
  An adder skeleton (D:5)
  3 worms
  2 dart slugs
  28 orcs
  6 bats
  9 endoplasms
  A giant cockroach (D:4)
  6 goblins
  9 hobgoblins
  6 quokkas
  6 ball pythons
  8 frilled lizards
  8 kobolds
  3 rats
155 creatures vanquished.

Vanquished Creatures (collateral kills)
  An orc warrior (D:7)
  A bullfrog (D:7)
  2 orcs (D:7)
4 creatures vanquished.

Grand Total: 159 creatures vanquished

Notes
Turn   | Place    | Note
-------+----------+-------------------------------------------
     0 | Abyss:1  | Gargoyl the Gnoll Abyssal Knight began the quest for the
                  | Orb.
     0 | Abyss:1  | Reached XP level 1. HP: 23/23 MP: 3/3
    58 | Abyss:1  | Noticed a ynoxinul
    60 | Abyss:1  | Noticed a flying skull
    84 | Abyss:2  | Noticed a raiju
    85 | Abyss:2  | Noticed a raiju
    87 | Abyss:2  | Noticed a glowing orange brain
    88 | Abyss:2  | Noticed a small abomination
    90 | Abyss:2  | Found a corrupted altar of Lugonu.
    91 | Abyss:2  | Noticed a raiju
    92 | Abyss:2  | Noticed a raiju
    93 | D:1      | Escaped the Abyss
   326 | D:1      | Reached * piety under Lugonu
   327 | D:1      | Reached XP level 2. HP: 29/29 MP: 5/5
   913 | D:1      | Found a faded altar of an unknown god.
   980 | D:1      | Reached XP level 3. HP: 31/35 MP: 6/6
  1578 | D:2      | Reached ** piety under Lugonu
  1907 | D:2      | Reached skill level 1 in Short Blades
  1907 | D:2      | Reached skill level 1 in Long Blades
  1907 | D:2      | Reached skill level 1 in Maces & Flails
  1907 | D:2      | Reached skill level 1 in Polearms
  1907 | D:2      | Reached skill level 1 in Staves
  1907 | D:2      | Reached skill level 1 in Slings
  1907 | D:2      | Reached skill level 1 in Bows
  1907 | D:2      | Reached skill level 1 in Crossbows
  1907 | D:2      | Reached skill level 1 in Throwing
  1907 | D:2      | Reached skill level 1 in Stealth
  1907 | D:2      | Reached skill level 1 in Shields
  1907 | D:2      | Reached skill level 1 in Unarmed Combat
  1907 | D:2      | Reached skill level 1 in Spellcasting
  1907 | D:2      | Reached skill level 1 in Evocations
  1986 | D:2      | Reached XP level 4. HP: 26/41 MP: 7/7
  2232 | D:2      | Reached skill level 1 in Conjurations
  2232 | D:2      | Reached skill level 1 in Hexes
  2232 | D:2      | Reached skill level 1 in Summonings
  2232 | D:2      | Reached skill level 1 in Necromancy
  2232 | D:2      | Reached skill level 1 in Translocations
  2232 | D:2      | Reached skill level 1 in Transmutations
  2232 | D:2      | Reached skill level 1 in Fire Magic
  2232 | D:2      | Reached skill level 1 in Ice Magic
  2232 | D:2      | Reached skill level 1 in Air Magic
  2232 | D:2      | Reached skill level 1 in Earth Magic
  2232 | D:2      | Reached skill level 1 in Poison Magic
  2327 | D:3      | Reached XP level 5. HP: 13/47 MP: 8/8
  2611 | D:3      | Noticed Ijyb
  2624 | D:3      | Killed Ijyb
  3055 | D:3      | Reached skill level 5 in Invocations
  3146 | D:3      | Reached XP level 6. HP: 53/53 MP: 9/9
  3429 | D:4      | Noticed a sky beast
  3682 | D:3      | Reached skill level 5 in Axes
  3682 | D:3      | Reached skill level 5 in Armour
  3715 | D:4      | Reached *** piety under Lugonu
  3728 | D:4      | Killed a sky beast
  3729 | D:4      | Reached XP level 7. HP: 54/59 MP: 10/10
  3785 | D:4      | Reached skill level 7 in Fighting
  4183 | D:4      | Found a staircase to the Ecumenical Temple.
  4307 | D:4      | Noticed Dowan
  4311 | D:4      | Noticed Duvessa
  4329 | D:4      | Killed Dowan
  4347 | D:4      | Killed Duvessa
  4944 | D:5      | Entered Level 5 of the Dungeon
  5330 | D:5      | Noticed a wraith
  5352 | D:5      | Reached XP level 8. HP: 42/67 MP: 12/12
  5370 | D:5      | Killed a wraith
  5799 | D:5      | Noticed Blork the orc
  5808 | D:5      | Killed Blork the orc
  5865 | D:5      | HP: 2/58 [wight (2)]
  6945 | D:5      | Found an ancient bone altar of Kikubaaqudgha.
  6953 | D:5      | Found a sparkling altar of Nemelex Xobeh.
  6959 | D:5      | Found a radiant altar of Vehumet.
  7166 | D:6      | Reached XP level 9. HP: 63/72 MP: 14/14
  7695 | D:6      | Found a hide-covered altar of Uskayaw.
  8174 | D:7      | Gained mutation: You are frail. (-10% HP) [potion of
                  | mutation]
  8178 | D:7      | Lost mutation: You are frail. (-10% HP) [potion of
                  | mutation]
  8178 | D:7      | Gained mutation: You possess an exceptional clarity of
                  | mind. [potion of mutation]
  8178 | D:7      | Gained mutation: You are partially covered in iridescent
                  | scales. (AC +2) [potion of mutation]
  8397 | D:7      | Reached skill level 5 in Dodging
  8507 | D:7      | Found a basalt altar of Yredelemnul.
  8595 | D:7      | Reached **** piety under Lugonu
  8761 | D:7      | Found Zin's Purification Station.
  8809 | D:7      | Found a glowing silver altar of Zin.
  8812 | D:7      | Bought a potion of curing for 90 gold pieces
  8847 | D:7      | Reached skill level 8 in Fighting
  9269 | D:8      | Noticed a boulder beetle
  9285 | D:7      | Banished a boulder beetle
  9587 | D:7      | Reached XP level 10. HP: 49/80 MP: 17/17
  9740 | D:8      | Noticed a two-headed ogre
  9749 | D:8      | Killed a two-headed ogre
  9750 | D:8      | Reached skill level 5 in Short Blades
  9750 | D:8      | Reached skill level 5 in Long Blades
  9750 | D:8      | Reached skill level 5 in Maces & Flails
  9750 | D:8      | Reached skill level 5 in Polearms
  9750 | D:8      | Reached skill level 5 in Staves
  9750 | D:8      | Reached skill level 5 in Slings
  9750 | D:8      | Reached skill level 5 in Bows
  9750 | D:8      | Reached skill level 5 in Crossbows
  9750 | D:8      | Reached skill level 5 in Throwing
  9750 | D:8      | Reached skill level 5 in Stealth
  9750 | D:8      | Reached skill level 5 in Shields
  9750 | D:8      | Reached skill level 5 in Unarmed Combat
  9750 | D:8      | Reached skill level 5 in Spellcasting
  9750 | D:8      | Reached skill level 5 in Evocations
  9780 | D:8      | Found an opulent altar of Gozag.
  9870 | D:8      | Killed from afar by an orc priest

Illustrated notes

Levels and vault maps discovered:
D:1:      onia_arrival_mini_maze, layout_basic, ebering_ecumenical_altar_box,
          minmay_misc_feat_plants
D:2:      kennysheep_big_flooded_room, layout_rooms, hangedman_decor_points
D:3:      layout_loops_cross, uniq_ijyb
D:4:      layout_basic, temple_doors_cd, uniq_duvessa
D:5:      layout_loops_ring, minmay_overflow_temple_star_quad,
          uniq_blork_the_orc
D:6:      layout_basic, nicolae_uskayaw_murder_on_the_dancefloor
D:7:      layout_gridville, kennysheep_mini, zin_purify,
          minmay_tree_intersection
D:8:      layout_rooms, grunt_gozag_breadcrumbs, overflow_temple_1_default,
          mainiacjoe_overflow_brackets, nicolae_overflow_crystal_walls,
          special_room [special_room_orc]

Skill      XL: |  1  2  3  4  5  6  7  8  9 10 |
---------------+-------------------------------+-----
Short Blades   | 1 2 3 4 5 |  5.1
Long Blades    | 1 2 3 4 5 |  5.1
Maces & Flails | 1 2 3 4 5 |  5.1
Polearms       | 1 2 3 4 5 |  5.1
Staves         | 1 2 3 4 5 |  5.1
Slings         | 1 2 3 4 5 |  5.1
Bows           | 1 2 3 4 5 |  5.1
Crossbows      | 1 2 3 4 5 |  5.1
Throwing       | 1 2 3 4 5 |  5.1
Stealth        | 1 2 3 4 5 |  5.1
Shields        | 1 2 3 4 5 |  5.1
Unarmed Combat | 1 2 3 4 5 |  5.1
Spellcasting   | 1 2 3 4 5 |  5.1
Evocations     | 1 2 3 4 5 |  5.1
Conjurations   | 1 2 3 4 |  4.2
Hexes          | 1 2 3 4 |  4.2
Summonings     | 1 2 3 4 |  4.2
Necromancy     | 1 2 3 4 |  4.2
Translocations | 1 2 3 4 |  4.2
Transmutations | 1 2 3 4 |  4.2
Fire Magic     | 1 2 3 4 |  4.2
Ice Magic      | 1 2 3 4 |  4.2
Air Magic      | 1 2 3 4 |  4.2
Earth Magic    | 1 2 3 4 |  4.2
Poison Magic   | 1 2 3 4 |  4.2
Dodging        | 3 4 5 |  5.8
Invocations    | 5 6 7 |  7.3
Axes           | 5 6 |  6.9
Armour         | 5 6 |  6.9
Fighting       | 7 8 |  8.4

Action                   |  1- 3 |  4- 6 |  7- 9 | 10-12 || total
-------------------------+-------+-------+-------+-------++-------
Melee: Hand axe          |    95 |   121 |   341 |    50 ||   607
       Bite              |     4 |    15 |    52 |     5 ||    76
Throw: Dart              |       |     7 |    15 |     6 ||    28
Invok: Depart the Abyss  |     1 |       |       |       ||     1
       Banish            |       |       |     2 |       ||     2
       Bend Space        |       |       |       |     1 ||     1
  Use: Scroll            |     5 |     6 |     9 |       ||    20
       Potion            |       |       |     4 |       ||     4
 Stab: Sleeping          |     1 |       |       |       ||     1
Armor: Leather armour    |    25 |       |       |       ||    25
       Chain mail        |     9 |    68 |    76 |       ||   153
       Plate armour      |       |       |    94 |    21 ||   115
Dodge: Dodged            |    72 |    64 |   143 |    17 ||   296
Block: Kite shield       |       |    40 |   225 |    43 ||   308

Table legend: (Time is in decaauts)
 A = Elapsed time spent in this place.
 B = Non-inter-level travel time spent in this place.
 C = Inter-level travel time spent in this place.
 D = Time resting spent in this place.
 E = Time spent auto-exploring this place.
 F = Levels seen in this place.
 G = Mean time per level.
                   A        B        C        D        E       F      G
               +--------+--------+--------+--------+--------+-----+--------+
         Total |  10047 |   9862 |    185 |   1101 |   6874 |  10 | 1004.7 |
       Dungeon |   9955 |   9770 |    185 |   1101 |   6800 |   8 | 1244.4 |
         Abyss |     92 |     92 |      0 |      0 |     74 |   2 |   46.0 |
               +--------+--------+--------+--------+--------+-----+--------+

Top non-repeatable levels by time:
     D:5: 1912 daAuts
     D:7: 1647 daAuts
     D:4: 1637 daAuts
     D:3: 1335 daAuts
     D:1: 1247 daAuts
     D:6: 1035 daAuts
     D:2: 949 daAuts
     D:8: 190 daAuts
 Abyss:1: 63 daAuts
 Abyss:2: 29 daAuts
